 Dungeon Sprint DCSS version 0.29-a0-303-ge4682ce883 (webtiles) character file.

Game seed: 9338065665604769086

133 Conn the Arsonist (level 5, -11/29 (31) HPs)
             Began as an Octopode Fire Elementalist on Mar 25, 2022.
             Was an Elder of Sif Muna.
             Killed by an exploding Crazy Yiuf (21 damage)
             ... ignited by their inner flame
             ... in the Dungeon (Sprint VII: "The Pits").
             The game lasted 00:02:51 (355 turns).

Conn the Arsonist (Octopode Fire Elementalist)       Turns: 355, Time: 00:02:52

HP:   -11/29 (31)   AC:  1    Str:  7    XL:     5   Next: 16%
MP:   0/11          EV: 14    Int: 19    God:    Sif Muna [****..]
Gold: 0             SH:  0    Dex: 13    Spells: 2/13 levels left

rFire   . . .      SeeInvis .   k - +2 dagger (elec)
rCold   . . .      Faith    .   (no shield)
rNeg    . . .      Spirit   .   (helmet restricted)
rPois   .          Reflect  .   (no amulet)
rElec   .          Harm     .   (no ring)
rCorr   .          Rampage  .   (no ring)
Will    .....      NoTele   +   (no ring)
Stlth   ++++......              (no ring)
HPRegen 0.09/turn               (no ring)
MPRegen 0.12/turn               (no ring)
                                (no ring)
                                (no ring)

@: drained
A: almost no armour, amphibious, 8 rings, camouflage 1, gelatinous body 1,
(nimble swimmer 1), tentacles
a: Renounce Religion, Channel Magic, Forget Spell, Divine Exegesis


You were in the Dungeon.
You worshipped Sif Muna.
Sif Muna was greatly pleased with you.
You visited 1 branch

Inventory:

Hand Weapons
 g - a +2 dagger
 k - a +2 dagger of electrocution (weapon)
Scrolls
 f - a scroll of blinking
 i - 5 scrolls of amnesia
 j - a scroll of summoning
Potions
 a - 5 potions of magic
 b - 6 potions of curing
 c - 5 potions of heal wounds
 d - a potion of haste
 e - 3 potions of berserk rage
 h - 2 potions of invisibility


   Skills:
 + Level 1.0 Short Blades
 + Level 3.6 Dodging
 + Level 4.7 Stealth
 + Level 4.5 Spellcasting
 + Level 1.6 Conjurations
 + Level 8.0 Fire Magic


You had 2 spell levels left.
You knew the following spells:

 Your Spells              Type           Power      Damage    Failure   Level
a - Foxfire               Conj/Fire      88%        2x1d8     1%          1
b - Conjure Flame         Conj/Fire      22%        6-21      5%          3
c - Inner Flame           Hex/Fire       19%        N/A       8%          3
d - Flame Wave            Conj/Fire      22%        2d7       19%         4

Your spell library contained the following spells:

 Spells                   Type           Power      Damage    Failure   Level
 Scorch                   Fire           68%        2d8       1%          2


Dungeon Overview and Level Annotations

Branches:
Dungeon (1/1)

Altars:
Ashenzari
Cheibriados
Dithmenos
Elyvilon
Fedhas
Gozag
Hepliaklqana
Kikubaaqudgha
Makhleb
Nemelex Xobeh
Okawaru
Qazlal
Ru
Sif Muna
Trog
Uskayaw
Vehumet
Wu Jian
Xom
Yredelemnul
Zin
The Shining One
Beogh
Jiyva
Lugonu


Innate Abilities, Weirdness & Mutations

You cannot wear most types of armour.
You are amphibious.
You can wear up to eight rings at the same time.
Your skin changes colour to match your surroundings (Stealth+).
Your rubbery body absorbs attacks. (AC +1, EV +1)
((You are camouflaged when in or above water. (Stealth+)))
You have tentacles for arms and can constrict up to eight enemies at once.


Message History

You feel much better. Crazy Yiuf misses you.
Crazy Yiuf attacks as you move away! Crazy Yiuf closely misses you.
Crazy Yiuf says, "Peeping water hand!"
Casting: Foxfire (safe; 1% risk of failure)
Confirm with . or Enter, or press ? or * to list all spells.
Okay, then.
Unknown command.
You aren't carrying any items that you can evoke.
Crazy Yiuf attacks as you move away!
Crazy Yiuf hits you with a +4 quarterstaff of chaos!
You feel your power leaking away.
Crazy Yiuf screams, "Tosser!"
There is an open door to the Storerooms (Easy) here.
Casting: Foxfire (safe; 1% risk of failure)
Confirm with . or Enter, or press ? or * to list all spells.
You conjure some foxfire!
Crazy Yiuf misses you.
The foxfire hits Crazy Yiuf.
Flame seeps out of Crazy Yiuf.
Crazy Yiuf is moderately wounded.
The foxfire hits Crazy Yiuf but does no damage.
Crazy Yiuf is moderately wounded.
Crazy Yiuf is engulfed in blazing flames.
Flame seeps out of Crazy Yiuf.
Unknown command.
Casting: Foxfire (safe; 1% risk of failure)
Confirm with . or Enter, or press ? or * to list all spells.
You conjure some foxfire!
Crazy Yiuf hits you with a +4 quarterstaff of chaos!
You feel drained.
The jackal zombie is engulfed in blazing flames.
Sif Muna accepts your kill.
The jackal zombie explodes!
The fiery explosion engulfs Crazy Yiuf!!!
Sif Muna accepts your kill.
You can now call upon Sif Muna to cast any spell from your library.
Crazy Yiuf explodes!
The fiery explosion engulfs your foxfire.
Your foxfire completely resists.
The fiery explosion engulfs you!!
Ouch! That really hurt!
You die...

############
#_________.#
#_________.#
#_______...###########++
##########'##...........
#.?(.')))'.##......#..#.
##########§##§..........
#..........○§v..........
#'#####'#####@.....#..#.
#.#..#.....##v..........
#.#))#####'#####'#####++
#.#))#.....##.......#
#.#).#.....##.......#
#.#[[###)####.......#
#.##'#.....##...<...#
#.#........##.......#
#.#........##.......#


There were no monsters in sight!

Vanquished Creatures
  A floating eye (D)
  Crazy Yiuf (D)
  An adder (D)
  An ufetubus (D)
  A ball python (D)
  A bat skeleton (D)
  2 hobgoblins (D)
  2 jackals (D)
  A kobold (D)
  A jackal zombie (D)
  A quokka zombie (D)
  2 rats (D)
15 creatures vanquished.

Vanquished Creatures (others)
  35 foxfires (D)
35 creatures vanquished.

Grand Total: 50 creatures vanquished

Notes
Turn   | Place    | Note
-------+----------+-------------------------------------------
     0 | D        | Conn the Octopode Fire Elementalist began the quest for the
                  | Orb.
     0 | D        | Reached XP level 1. HP: 11/11 MP: 3/3
    13 | D        | Reached skill level 4 in Fire Magic
    13 | D        | Reached XP level 2. HP: 17/17 MP: 0/5
    92 | D        | Found a bloodstained altar of Trog.
    92 | D        | Found a shimmering blue altar of Sif Muna.
    92 | D        | Found a viscous altar of Jiyva.
    92 | D        | Found a hazy altar of Hepliaklqana.
    92 | D        | Found an opulent altar of Gozag.
    93 | D        | Found a glowing golden altar of the Shining One.
    93 | D        | Found a glowing silver altar of Zin.
    93 | D        | Found a basalt altar of Yredelemnul.
    93 | D        | Found a shimmering altar of Xom.
    93 | D        | Found an ornate altar of the Wu Jian Council.
    93 | D        | Found a sacrificial altar of Ru.
    93 | D        | Found a stormy altar of Qazlal.
    93 | D        | Found an iron altar of Okawaru.
    93 | D        | Found a sparkling altar of Nemelex Xobeh.
    93 | D        | Found a burning altar of Makhleb.
    93 | D        | Found a blossoming altar of Fedhas.
    93 | D        | Found a white marble altar of Elyvilon.
    93 | D        | Found a shadowy altar of Dithmenos.
    93 | D        | Found a snail-covered altar of Cheibriados.
    94 | D        | Found a radiant altar of Vehumet.
    94 | D        | Found a corrupted altar of Lugonu.
    95 | D        | Found an ancient bone altar of Kikubaaqudgha.
    95 | D        | Found a hide-covered altar of Uskayaw.
    95 | D        | Found a broken altar of Ashenzari.
    96 | D        | Became a worshipper of Sif Muna the Loreminder
   137 | D        | Noticed a floating eye
   143 | D        | Paralysed by a floating eye for 2 turns
   146 | D        | Killed a floating eye
   146 | D        | Reached * piety under Sif Muna
   147 | D        | Reached skill level 1 in Short Blades
   147 | D        | Reached skill level 7 in Fire Magic
   147 | D        | Reached XP level 3. HP: 21/21 MP: 2/8
   147 | D        | Reached XP level 4. HP: 27/27 MP: 2/10
   147 | D        | Reached XP level 5. HP: 31/31 MP: 2/11
   239 | D        | Reached ** piety under Sif Muna
   298 | D        | Learned a level 3 spell: Conjure Flame
   302 | D        | Learned a level 3 spell: Inner Flame
   307 | D        | Learned a level 4 spell: Flame Wave
   322 | D        | Noticed Crazy Yiuf
   325 | D        | Reached *** piety under Sif Muna
   328 | D        | Reached skill level 8 in Fire Magic
   355 | D        | Killed Crazy Yiuf
   355 | D        | Reached **** piety under Sif Muna
   355 | D        | Killed by an exploding Crazy Yiuf... ignited by their inner
                  | flame

Illustrated notes

Levels and vault maps discovered:
D:        pitsprint [storerooms_1, entrance_room_1, metal_vault_3, armoury_2,
          mini_pit_1, grid_room_1, main_hall_1, silver_pit, the_coven_3,
          the_vestibule_1, steel_vault_5, golden_pit, hallway_of_sentries,
          crystal_vault_2, iron_vault_1, final_vault]

Skill      XL: |  1  2  3  4  5 |
---------------+----------------+-----
Stealth        | 3 4 |  4.7
Fire Magic     | 4 7 8 |  8.0
Short Blades   | 1 |  1.0
Dodging        | 3 |  3.6
Spellcasting   | 4 |  4.5
Conjurations   | |  1.6

Action                   |  1- 3 |  4- 6 || total
-------------------------+-------+-------++-------
Melee: Dagger            |     4 |     1 ||     5
       Constrict         |     3 |     1 ||     4
 Cast: Foxfire           |     8 |    15 ||    23
       Inner Flame       |       |     2 ||     2
  Use: Potion            |       |     1 ||     1
Armor: Skin              |       |     1 ||     1
Dodge: Dodged            |       |     9 ||     9

Table legend: (Time is in decaauts)
 A = Elapsed time spent in this place.
 B = Non-inter-level travel time spent in this place.
 C = Inter-level travel time spent in this place.
 D = Time resting spent in this place.
 E = Time spent auto-exploring this place.
 F = Levels seen in this place.
 G = Mean time per level.
                   A        B        C        D        E       F      G
               +--------+--------+--------+--------+--------+-----+--------+
         Total |    353 |    353 |      0 |    154 |      0 |   1 |  353.0 |
       Dungeon |    353 |    353 |      0 |    154 |      0 |   1 |  353.0 |
               +--------+--------+--------+--------+--------+-----+--------+

Top non-repeatable levels by time:
       D: 353 daAuts
